 Dungeon Crawl Stone Soup version 0.27-a0-1202-ge72e49191c (webtiles) character file.

Game seed: 4242405744160870500

18274 gruber the Thaumaturge (level 12, -7/89 HPs)
             Began as a Djinni Hedge Wizard on June 3, 2021.
             Was a Priest of Makhleb.
             Mangled by a spark wasp (shapeshifter) (17 damage)
             ... on level 13 of the Dungeon.
             The game lasted 00:33:02 (19056 turns).

gruber the Thaumaturge (Djinni Hedge Wizard)       Turns: 19056, Time: 00:33:03

Health: -7/89      AC: 12    Str:  9    XL:     12   Next: 93%
Gold:   643        EV: 19    Int: 27    God:    Makhleb [***...] SH:  7 Dex: 14

rFire    + + .     SeeInvis .   u - +6 hand axe "Bulopp" {flame, Fragile rElec rPois}
rCold    x . .     Faith    .   G - +2 buckler
rNeg     . . .     Spirit   .   K - +1 leather armour of the Furrier {Int+7}
rPois    ∞         Reflect  .   g - +2 hat {Stlth+}
rElec    +         Harm     .   F - +2 cloak {Will+}
rCorr    .         Rampage  .   l - +2 pair of gloves
Will     +++..                  (boots unavailable)
Stlth    +++.......             (no amulet)
HPRegen  0.24/turn              y - ring of willpower
MPRegen  0.00/turn              M - +4 ring of evasion

@: unable to read, flying
A: sickness immunity, fire resistance 2, cold vulnerability 1, float, innate
caster, hp casting, extra vitality 1, inability to read while threatened
a: Renounce Religion, Minor Destruction, Lesser Servant of Makhleb


You were on level 13 of the Dungeon.
You worshipped Makhleb.
Makhleb was most pleased with you.
You visited 2 branches of the dungeon, and saw 14 of its levels.

You collected 843 gold pieces.
You spent 200 gold pieces at shops.

Inventory:

Hand Weapons
 u - the +6 hand axe "Bulopp" (weapon) {flame, Fragile rElec rPois}
   (You bought it in a shop on level 6 of the Dungeon)

   It has been specially enchanted to burn those struck by it, causing extra
   injury to most foes and up to half again as much damage against particularly
   susceptible opponents.
   Big, fiery blades are also staple armaments of hydra-hunters.
   It insulates you from electricity.
   It protects you from poison.
   It will be destroyed if unequipped.
Armour
 b - a +0 robe
 c - a +0 hat
 g - a +2 hat of stealth (worn)
 h - +0 swamp dragon scales
 l - a +2 pair of gloves (worn)
 A - a +2 robe of willpower
 F - a +2 cloak of willpower (worn)
 G - a +2 buckler (worn)
 K - the +1 leather armour of the Furrier (worn) {Int+7}
   (You found it on level 10 of the Dungeon)

   It affects your intelligence (+7).
Jewellery
 y - a ring of willpower (left hand)
 M - a +4 ring of evasion (right hand)
 N - a +6 ring of dexterity
Wands
 z - a wand of digging (5)
 D - a wand of flame (72)
 E - a wand of paralysis (10)
 P - a wand of acid (7)
Scrolls
 a - 15 scrolls of identify {unknown}
 f - 4 scrolls of vulnerability {unknown}
 m - 4 scrolls of teleportation {unknown}
 n - a scroll of brand weapon {unknown}
 o - 2 scrolls of blinking {unknown}
 r - a scroll of silence {unknown}
 t - 3 scrolls of enchant armour {unknown}
 x - a scroll of torment {unknown}
 C - a scroll of enchant weapon {unknown}
 H - a scroll of immolation {unknown}
 I - 3 scrolls of amnesia {unknown}
 J - 2 scrolls of holy word {unknown}
 L - a scroll of noise {unknown}
 O - a scroll of fog {unknown}
 Q - a scroll of magic mapping {unknown}
Potions
 d - 2 potions of haste {unknown}
 e - a potion of mutation {unknown}
 i - 2 potions of flight
 j - a potion of berserk rage {unknown}
 k - a potion of might {unknown}
 p - 2 potions of lignification {unknown}
 q - 4 potions of brilliance
 s - a potion of magic {unknown}
 v - 4 potions of heal wounds {unknown}
 w - 6 potions of degeneration {unknown}
 B - 5 potions of curing


   Skills:
 * Level 9.2 Fighting
 - Level 9.0 Dodging
 - Level 1.5 Stealth
 - Level 5.1 Shields
 - Level 12.0 Spellcasting


You had 8 spell levels left.
You knew the following spells:

 Your Spells              Type           Power      Damage    Failure   Level
a - Magic Dart            Conj           100%       1d8       1%          1
b - Blink                 Tloc           N/A        N/A       1%          2
c - Call Imp              Summ           69%        N/A       1%          2
d - Slow                  Hex            69%        N/A       1%          2
e - Conjure Flame         Conj/Fire      69%        6-21      1%          3
f - Mephitic Cloud        Conj/Pois/Air  69%        N/A       1%          3
g - Corona                Hex            76%        N/A       1%          1
h - Poisonous Vapours     Pois/Air       100%       N/A       1%          2
i - Vampiric Draining     Necr           34%        2d10      1%          3
j - Call Canine Familiar  Summ           69%        N/A       1%          3
k - Irradiate             Conj/Tmut      34%        3d25      1%          5
Your spell library was empty.

Dungeon Overview and Level Annotations

Branches:
Dungeon (13/15)            Temple (1/1) D:5            Lair (0/6) D:9
    Orc (0/2) D:11         Vaults (0/5) D:13

Altars:
Ashenzari
Cheibriados
Dithmenos
Elyvilon
Fedhas
Hepliaklqana
Kikubaaqudgha
Makhleb
Nemelex Xobeh
Okawaru
Qazlal
Trog
Uskayaw
Vehumet
Xom
Yredelemnul
Zin
The Shining One

Shops:
D:6 (   D:13 [

Annotations:
D:6 1 runed translucent door
D:8 3 runed translucent doors, melvinkitnick's ghost, novice HuEE


Innate Abilities, Weirdness & Mutations

You are immune to sickness and miasma.
You are immune to poison.
Your flesh is very heat resistant. (rF++)
You are vulnerable to cold. (rC-)
You float through the air rather than walking.
You learn spells naturally, not from books.
Your magical power is your life essence.
You have superior vitality. (+4 HP)
You sometimes lose the ability to read scrolls when taking damage.


Message History

* * * LOW HITPOINT WARNING * * *
You hear a shout!
The vault guard is engulfed in noxious fumes.
Unknown command.
Unknown command.
Unknown command.
The vault guard is engulfed in noxious fumes.
The vault guard appears confused.
The vault guard chortles and stares into space.
The vault guard hits the vault guard with a +0 vorpal halberd!!
Unknown command.
Unknown command.
The vault guard is engulfed in noxious fumes.
The vault guard appears confused.
The vault guard is engulfed in noxious fumes.
The vault guard appears confused.
The vault guard cries.
The vault guard is engulfed in noxious fumes.
The vault guard is engulfed in noxious fumes.
You can read scrolls again.
A faun comes into view.
The faun misses you. The faun hits you but does no damage.
You hit the cyclops. You burn the cyclops.
The cyclops is lightly wounded.
You hit the faun. You burn the faun. The faun misses you.
The faun closely misses you. The cyclops completely misses you.
You hit the cyclops. You burn the cyclops.
The cyclops is lightly wounded.
You hit the faun. You burn the faun. You block the faun's attack.
The cyclops hits you!
You feel threatened and lose the ability to read scrolls!
* * * LOW HITPOINT WARNING * * *
Unknown command.
Unknown command.
The faun changes into a spark wasp!
The vault guard asks, "Where am I?"
The spark wasp stings you but does no damage.
The spark wasp stings you!
You die...

.#.#..........#
.#.#.##.......#
.#.#.#######..#
.#.#.##.## #..##########
...#.#.#.###.........p.#
.###..###......C.#####.#
.# #.#.#..###.##p# #.# .#
#.##.#.# #.##y# #.# .#
#.##.#.###.##@# #p# .#
#.##..#.##.##.# #.## .#
#.##.###.#.##.# #p.# .#
#...## ##..##.# ##p# .#
####.###.####.# #.# .#
#..#)#####.#### #.# .#
#...).p.......# #.# .#
#...####.##.#.###.#######
.# ##...#
#...p.............#


You could see a vault guard, a spark wasp shaped shifter and a cyclops.

Vanquished Creatures
  Gastronok (D:8)
  A boulder beetle (D:12)
  2 hydras
  A centaur warrior (D:13)
  3 death yaks (D:9)
  A two-headed ogre (D:10)
  Pikel (D:4)
  An ugly thing (D:11)
  2 manticores
  Maurice (D:8)
  A gargoyle (D:12)
  Psyche (D:9)
  4 unseen horrors
  2 komodo dragons (D:10)
  3 trolls
  Prince Ribbit (D:8)
  A shadow (D:11)
  3 wraiths
  3 wyverns (D:9)
  A vampire (D:11)
  2 acid dragons
  2 orc warriors
  2 water moccasins
  4 sky beasts
  A necrophage (D:12)
  7 centaurs
  2 phantoms
  A kobold brigand (D:10)
  4 bullfrogs
  A gnoll sergeant (D:12)
  A killer bee (D:8)
  10 wights
  3 electric eels (D:11)
  7 howler monkeys
  3 centaur zombies
  2 bullfrog zombies (D:6)
  2 centaur skeletons (D:7)
  2 orc priests
  2 hounds (D:6)
  3 jellies
  2 bullfrog skeletons
  Natasha (thrice) (D:4)
  14 orc wizards
  3 iguanas
  2 killer bee zombies (D:6)
  3 howler monkey zombies (D:9)
  7 gnolls
  4 adders
  A howler monkey skeleton (D:5)
  A shadow imp (D:8)
  3 white imps
  2 worms
  2 dart slugs
  33 orcs
  3 ball pythons
  6 endoplasms
  6 giant cockroaches
  5 hobgoblins
  8 jackals
  6 kobolds
  3 quokkas
  2 bats
  4 frilled lizards
  8 goblins
  3 rats
229 creatures vanquished.

Vanquished Creatures (collateral kills)
  A two-headed ogre (D:13)
  A cyclops (D:12)
  Maggie (D:6)
  A troll (D:8)
  A slime creature (D:13)
  A wraith (D:10)
  2 yaks (D:9)
  An orc warrior (D:9)
  A centaur (D:9)
  A bullfrog (D:9)
  A howler monkey (D:9)
  4 wights
  3 centaur zombies
  An orc priest (D:9)
20 creatures vanquished.

Vanquished Creatures (others)
  A plant (D:4)
  3 withered plants (D:12)
4 creatures vanquished.

Grand Total: 253 creatures vanquished

Notes
Turn   | Place    | Note
-------+----------+-------------------------------------------
     0 | D:1      | gruber the Djinni Hedge Wizard began the quest for the Orb.
     0 | D:1      | Reached XP level 1. HP: 15/15 MP: 0/0
   398 | D:1      | Reached XP level 2. HP: 15/21 MP: 0/0
   856 | D:1      | Reached skill level 3 in Spellcasting
  1476 | D:2      | Found a shimmering altar of Xom.
  1491 | D:2      | Reached XP level 3. HP: 23/25 MP: 0/0
  1491 | D:2      | Learned a level 1 spell: Corona
  2079 | D:2      | HP: 1/25 [gnoll/+0 flail (12)]
  2509 | D:2      | Reached XP level 4. HP: 26/31 MP: 0/0
  2601 | D:2      | Reached skill level 4 in Spellcasting
  2621 | D:2      | Reached XP level 5. HP: 11/35 MP: 0/0
  2621 | D:2      | Learned a level 2 spell: Poisonous Vapours
  3005 | D:2      | Found a faded altar of an unknown god.
  4053 | D:4      | Noticed Pikel
  4053 | D:4      | Noticed a lemure
  4053 | D:4      | Noticed a lemure
  4053 | D:4      | Noticed a lemure
  4053 | D:4      | Noticed a lemure
  4076 | D:4      | HP: 1/35 [Pikel/+2 whip of freezing (1)]
  4079 | D:4      | Killed Pikel
  4080 | D:4      | Reached skill level 6 in Spellcasting
  4080 | D:4      | Reached XP level 6. HP: 2/40 MP: 0/0
  4080 | D:4      | Reached XP level 7. HP: 2/45 MP: 0/0
  4080 | D:4      | Learned a level 3 spell: Vampiric Draining
  4106 | D:4      | Found a shimmering altar of Xom.
  4107 | D:4      | Found a shimmering altar of Xom.
  4594 | D:4      | Found a shimmering altar of Xom.
  4628 | D:4      | Found a blossoming altar of Fedhas.
  4777 | D:4      | Reached XP level 8. HP: 47/50 MP: 0/0
  4991 | D:4      | Noticed Natasha
  4998 | D:4      | Killed Natasha
  5158 | D:4      | Noticed Natasha
  5162 | D:4      | Killed Natasha
  5216 | D:4      | Reached skill level 7 in Spellcasting
  5346 | D:4      | Noticed Natasha
  5351 | D:4      | Killed Natasha
  5495 | D:5      | Entered Level 5 of the Dungeon
  5642 | D:5      | Found a staircase to the Ecumenical Temple.
  5762 | Temple   | Entered the Ecumenical Temple
  5880 | Temple   | Became a worshipper of Makhleb the Destroyer
  6102 | D:5      | Found a hide-covered altar of Uskayaw.
  6154 | D:6      | Noticed Maggie
  6309 | D:6      | Found a runed translucent door.
  6309 | D:6      | Noticed a human
  6352 | D:6      | Found a basalt altar of Yredelemnul.
  6361 | D:6      | Found Apsu Yntu's Antique Weapon Shop.
  6364 | D:6      | Bought a masterwork hand axe for 200 gold pieces
  6364 | D:6      | Identified the +6 hand axe "Bulopp" {flame, Fragile rElec
                  | rPois} (You bought it in a shop on level 6 of the Dungeon)
  6561 | D:6      | Found a glowing silver altar of Zin.
  6582 | D:6      | Reached skill level 5 in Fighting
  6834 | D:6      | Reached XP level 9. HP: 37/66 MP: 0/0
  6834 | D:6      | Learned a level 3 spell: Call Canine Familiar
  7050 | D:6      | Killed Maggie
  8629 | D:7      | Reached * piety under Makhleb
  9251 | D:8      | Noticed Prince Ribbit
  9260 | D:8      | Killed Prince Ribbit
  9541 | D:8      | Reached skill level 5 in Dodging
  9556 | D:8      | Found a runed translucent gate.
  9556 | D:8      | Found a runed translucent gate.
  9560 | D:8      | Found a runed translucent gate.
  9561 | D:8      | Noticed melvinkitnick's ghost (novice HuEE)
  9575 | D:8      | Noticed Maurice
  9588 | D:8      | Killed Maurice
  9589 | D:8      | Reached XP level 10. HP: 66/76 MP: 0/0
 10181 | D:8      | Noticed Gastronok
 11898 | D:9      | Noticed Psyche
 11905 | D:9      | Killed Psyche
 12752 | D:8      | Killed Gastronok
 12753 | D:8      | Reached skill level 8 in Spellcasting
 13151 | D:8      | Reached XP level 11. HP: 79/81 MP: 0/0
 13151 | D:8      | Learned a level 5 spell: Irradiate
 13525 | D:9      | Reached ** piety under Makhleb
 13532 | D:9      | Reached skill level 9 in Spellcasting
 13864 | D:9      | Reached skill level 1 in Shields
 13906 | D:9      | Found a staircase to the Lair.
 13906 | D:9      | Noticed a death yak
 13953 | D:9      | Killed a death yak
 13985 | D:9      | Noticed a death yak
 13988 | D:9      | Noticed a death yak
 14006 | D:9      | Killed a death yak
 14010 | D:9      | Reached skill level 5 in Shields
 14014 | D:9      | Killed a death yak
 14546 | D:9      | Found a snail-covered altar of Cheibriados.
 14617 | D:10     | Entered Level 10 of the Dungeon
 14627 | D:10     | Noticed a two-headed ogre
 14635 | D:10     | Killed a two-headed ogre
 14797 | D:10     | Identified the +1 leather armour of the Furrier {Int+7}
 15132 | D:10     | Reached skill level 10 in Spellcasting
 15816 | D:11     | Noticed a brown ugly thing
 15823 | D:11     | Killed a brown ugly thing
 15852 | D:11     | Reached XP level 12. HP: 16/86 MP: 0/0
 16665 | D:11     | Noticed a four-headed hydra
 16686 | D:11     | Killed a one-headed hydra
 16687 | D:11     | Reached skill level 11 in Spellcasting
 16903 | D:11     | Found a staircase to the Orcish Mines.
 16923 | D:11     | Reached *** piety under Makhleb
 17403 | D:11     | Gained mutation: You sometimes lose the ability to read
                  | scrolls when taking damage. [mutagenic glow]
 17528 | D:12     | Noticed a boulder beetle
 17533 | D:12     | Killed a boulder beetle
 17585 | D:12     | Noticed a five-headed hydra
 17600 | D:12     | Killed a one-headed hydra
 17826 | D:12     | Reached skill level 12 in Spellcasting
 18361 | D:13     | Found Ytud's Antique Armour Shoppe.
 18378 | D:13     | Noticed a two-headed ogre
 18387 | D:13     | Killed a two-headed ogre
 18945 | D:13     | Found a gate to the Vaults.
 18945 | D:13     | Noticed a vault guard
 18945 | D:13     | Noticed a vault guard
 18945 | D:13     | Noticed a vault guard
 18945 | D:13     | Noticed a fire crab
 18945 | D:13     | Noticed a vault guard
 18945 | D:13     | Noticed a centaur warrior
 19013 | D:13     | Killed a centaur warrior
 19053 | D:13     | Noticed a spark wasp
 19053 | D:13     | a faun changed into a spark wasp
 19056 | D:13     | Mangled by a spark wasp (shapeshifter)

Illustrated notes

Levels and vault maps discovered:
D:1:      tarquinn_simple_flora_water_a, layout_basic, roderic_lattice_a
D:2:      layout_rooms, basic_altar, ebering_ecumenical_altar_webs,
          minmay_pentomino_q2
D:3:      layout_loops_ring
D:4:      layout_loops_ring, fedhas_altar_1, xom_redecorated, uniq_natasha,
          uniq_pikel
D:5:      layout_rooms, nicolae_uskayaw_suspiria, minmay_temple_entry_waves
D:6:      layout_basic, kennysheep_mini_moat, dk_yredelemnul_ordeal,
          serial_shops, nicolae_shop_window_shopping, minmay_stone_trees_medium,
          uniq_maggie
D:7:      layout_loops_corners
D:8:      layout_layer_cave, ebering_ghost_rock_garden,
          kennysheep_cross_bottleneck, uniq_prince_ribbit1, uniq_gastronok,
          uniq_maurice
D:9:      layout_cave_pods, cheibrodos_worm_habitat, dpeg_lair_monsters,
          minmay_alternating_orb, uniq_psyche
D:10:     layout_basic
D:11:     layout_gridville, orc_0_dummy, grunt_ministairs_12,
          kennysheep_generic_room_2
D:12:     layout_rooms, serial_undead, serial_undead_d, serial_undead_b,
          serial_undead_b, serial_undead_c
D:13:     layout_loops_ring, lightli_vaults_fourway_checkpoint, serial_shops,
          shop
Temple:   regret_index_temple_sphere_string

Skill      XL: |  1  2  3  4  5  6  7  8  9 10 11 12 |
---------------+-------------------------------------+-----
Spellcasting   | 3 4 6 7 8 10 12 | 12.0
Fighting       | 5 8 9 |  9.2
Dodging        | 6 9 |  9.0
Shields        | 5 |  5.1
Stealth        | |  1.5

Action                   |  1- 3 |  4- 6 |  7- 9 | 10-12 || total
-------------------------+-------+-------+-------+-------++-------
Melee: Quarterstaff      |       |     2 |       |       ||     2
       Hand axe          |       |       |    67 |   185 ||   252
 Cast: Magic Dart        |    84 |    78 |   258 |   140 ||   560
       Blink             |     1 |     1 |     5 |     1 ||     8
       Poisonous Vapours |       |     4 |    10 |    38 ||    52
       Mephitic Cloud    |       |     1 |       |    30 ||    31
       Vampiric Draining |       |       |     7 |   116 ||   123
       Call Canine Famil |       |       |     8 |    43 ||    51
       Call Imp          |       |       |     5 |    20 ||    25
       Slow              |       |       |     1 |     5 ||     6
       Irradiate         |       |       |       |    21 ||    21
  Use: Potion            |       |       |     4 |       ||     4
 Stab: Distracted        |       |       |       |     2 ||     2
       Sleeping          |       |       |       |     3 ||     3
       Confused          |       |       |       |     2 ||     2
Armor: Robe              |     2 |     4 |    55 |    57 ||   118
       Leather armour    |       |       |       |    83 ||    83
Dodge: Dodged            |     8 |     9 |    80 |   282 ||   379
Block: Buckler           |       |       |       |    98 ||    98

Table legend: (Time is in decaauts)
 A = Elapsed time spent in this place.
 B = Non-inter-level travel time spent in this place.
 C = Inter-level travel time spent in this place.
 D = Time resting spent in this place.
 E = Time spent auto-exploring this place.
 F = Levels seen in this place.
 G = Mean time per level.
                   A        B        C        D        E       F      G
               +--------+--------+--------+--------+--------+-----+--------+
         Total |  19168 |  18441 |    727 |   2575 |  13311 |  14 | 1369.1 |
       Dungeon |  19036 |  18324 |    712 |   2575 |  13198 |  13 | 1464.3 |
        Temple |    132 |    118 |     14 |      0 |    113 |   1 |  132.0 |
               +--------+--------+--------+--------+--------+-----+--------+

Top non-repeatable levels by time:
     D:8: 3374 daAuts
     D:7: 2337 daAuts
     D:1: 1954 daAuts
    D:11: 1784 daAuts
     D:6: 1702 daAuts
     D:3: 1276 daAuts
     D:4: 1193 daAuts
    D:10: 1119 daAuts
     D:9: 1095 daAuts
     D:2: 1073 daAuts
    D:12: 792 daAuts
    D:13: 787 daAuts
     D:5: 543 daAuts
  Temple: 132 daAuts
